TOP OF THE 1ST |
Richmond Flying Squirrels batting - Pitching for Potomac Nationals : LHP Manny Ruiz
|
Pitching: LHP Manny Ruiz
|
|
Batting: RHB Mike Buchanan
|
0-0: Called Strike 0-1: Ball 1-1: Foul Ball, location: 2F 1-2: Ball 2-2: Strikes out swinging
|
Batting: RHB Josh Lippens
|
0-0: Ball 1-0: Called Strike 1-1: Fly out, F8 (Flyball, 8RS, EV 86.2 MPH)
|
Batting: LHB Alexis Cantu
|
0-0: Called Strike 0-1: Ball 1-1: Ball 2-1: Called Strike 2-2: Foul Ball, location: 2F 2-2: Hit by Pitch
|
Batting: RHB Adam Solesbee
|
0-0: DOUBLE (Flyball, 8RXD, EV 94.4 MPH) Alexis Cantu to third
|
Batting: RHB Jason Gregor
|
0-0: SINGLE (Groundball, 6MD, EV 96.2 MPH) Alexis Cantu scores Adam Solesbee to third Runner from 3rd tries for Home, SAFE, throw by CF to home
|
Batting: RHB Jonathan Reece
|
0-0: Called Strike 0-1: Called Strike 0-2: Foul Ball, location: 2F 0-2: Strikes out looking
|
Top of the 1st over - 2 runs, 2 hits, 0 errors, 1 left on base; Richmond 2 - Potomac 0 |
BOTTOM OF THE 1ST |
Potomac Nationals batting - Pitching for Richmond Flying Squirrels : RHP Sanya Mikushevich
|
Pitching: RHP Sanya Mikushevich
|
|
Batting: RHB John Savard
|
0-0: Ball 1-0: Called Strike 1-1: TRIPLE (Flyball, 89XD, EV 99.4 MPH)
|
Batting: RHB Gabe Almazan
|
0-0: Ball 1-0: Fly out, F8 (Flyball, 8RM, EV 83.8 MPH) Runner from 3rd tags up, SCORES, no throw by CF
|
Batting: LHB Kyung-jin Cho
|
0-0: Swinging Strike 0-1: Ball 1-1: Foul Ball, location: 2F 1-2: Strikes out swinging
|
Batting: RHB Nick Moreno
|
0-0: Ball 1-0: Ball 2-0: Ground out 5-3 (Groundball, 56S, EV 86.9 MPH)
|
Bottom of the 1st over - 1 run, 1 hit, 0 errors, 0 left on base; Richmond 2 - Potomac 1 |
TOP OF THE 2ND |
Richmond Flying Squirrels batting - Pitching for Potomac Nationals : LHP Manny Ruiz
|
Batting: RHB Dinand Brouwer
|
0-0: Ground out 5-3 (Groundball, 56S, EV 85.0 MPH)
|
Batting: LHB Ryan Anderson
|
0-0: Fly out, F6 (Popup, P, EV 83.8 MPH)
|
Batting: RHB Mike Jones
|
0-0: Called Strike 0-1: Ball 1-1: Ground out 6-3 (Groundball, 6MD, EV 85.6 MPH)
|
Top of the 2nd over - 0 runs, 0 hits, 0 errors, 0 left on base; Richmond 2 - Potomac 1 |
BOTTOM OF THE 2ND |
Potomac Nationals batting - Pitching for Richmond Flying Squirrels : RHP Sanya Mikushevich
|
Batting: RHB Naofumi Ishida
|
0-0: Swinging Strike 0-1: Swinging Strike 0-2: Ball 1-2: Foul Ball, location: 2F 1-2: Fly out, F4 (Popup, 4D, EV 70.6 MPH)
|
Batting: SHB Curtis DeLille
|
0-0: Ground out 6-3 (Groundball, 6, EV 106.2 MPH)
|
Batting: RHB Marcus Dawson
|
0-0: Ground out 5-3 (Groundball, 56S, EV 62.5 MPH)
|
Bottom of the 2nd over - 0 runs, 0 hits, 0 errors, 0 left on base; Richmond 2 - Potomac 1 |
TOP OF THE 3RD |
Richmond Flying Squirrels batting - Pitching for Potomac Nationals : LHP Manny Ruiz
|
Batting: RHB Mike Buchanan
|
0-0: Ball 1-0: Ball 2-0: Ground out 4-3 (Groundball, 34, EV 86.2 MPH)
|
Batting: RHB Josh Lippens
|
0-0: Called Strike 0-1: Ball 1-1: Ground out 5-3 (Groundball, 56S, EV 88.8 MPH)
|
Batting: LHB Alexis Cantu
|
0-0: Called Strike 0-1: Ball 1-1: Foul Ball, location: 2F 1-2: Foul Ball, location: 2F 1-2: Hit by Pitch
|
Batting: RHB Adam Solesbee
|
0-0: Ball 1-0: Foul Ball, location: 2F 1-1: Foul Ball, location: 2F 1-2: Ball 2-2: Ground out 1-3 (Groundball, 25, EV 70.6 MPH)
|
Top of the 3rd over - 0 runs, 0 hits, 0 errors, 1 left on base; Richmond 2 - Potomac 1 |
BOTTOM OF THE 3RD |
Potomac Nationals batting - Pitching for Richmond Flying Squirrels : RHP Sanya Mikushevich
|
Batting: RHB Bobby Bricker
|
0-0: Ball 1-0: Called Strike 1-1: Fly out, F9 (Flyball, 9S, EV 77.5 MPH)
|
Batting: RHB Antonio Morado
|
0-0: Ball 1-0: Ground out U3 (Groundball, 23, EV 91.2 MPH)
|
Batting: RHB John Savard
|
0-0: Fly out, F7 (Flyball, 78S, EV 88.1 MPH)
|
Bottom of the 3rd over - 0 runs, 0 hits, 0 errors, 0 left on base; Richmond 2 - Potomac 1 |
TOP OF THE 4TH |
Richmond Flying Squirrels batting - Pitching for Potomac Nationals : LHP Manny Ruiz
|
Batting: RHB Jason Gregor
|
0-0: Ball 1-0: Ground out 4-3 (Groundball, 4, EV 80.0 MPH)
|
Batting: RHB Jonathan Reece
|
0-0: Ball 1-0: Foul Ball, location: 2F 1-1: Ball 2-1: Ball 3-1: Base on Balls
|
Batting: RHB Dinand Brouwer
|
0-0: Ball 1-0: Ball 2-0: Foul Ball, location: 2F 2-1: Foul Ball, location: 2F 2-2: Ball 3-2: Foul Ball, location: 2F 3-2: Fly out, F4 (Line Drive, 4M, EV 70.0 MPH)
|
Batting: LHB Ryan Anderson
|
0-0: Ball Jonathan Reece steals 2nd base (no throw) 1-0: Foul Ball, location: 2F 1-1: SINGLE (Groundball, 4MD, EV 105.6 MPH) Jonathan Reece to third Runner from 3rd tries for Home, SAFE, throw by CF to home
|
Batting: RHB Mike Jones
|
0-0: Ball 1-0: Called Strike 1-1: Ball 2-1: Ball 3-1: Ground out 6-3 (Groundball, 6S, EV 89.4 MPH)
|
Top of the 4th over - 1 run, 1 hit, 0 errors, 1 left on base; Richmond 3 - Potomac 1 |
BOTTOM OF THE 4TH |
Potomac Nationals batting - Pitching for Richmond Flying Squirrels : RHP Sanya Mikushevich
|
Batting: RHB Gabe Almazan
|
0-0: Ball 1-0: Ball 2-0: Ball 3-0: Foul Ball, location: 2F 3-1: SINGLE (Groundball, 6MD, EV 95.0 MPH)
|
Batting: LHB Kyung-jin Cho
|
0-0: Foul Ball, location: 2F 0-1: Called Strike 0-2: Ball 1-2: Fielders Choice at 2nd, 6-4 (Groundball, 6M, EV 104.4 MPH)
|
Batting: RHB Nick Moreno
|
0-0: Fly out, F7 (Flyball, 78M, EV 88.1 MPH)
|
Batting: RHB Naofumi Ishida
|
0-0: Ball Kyung-jin Cho steals 2nd base 1-0: Foul Ball, location: 2F 1-1: Ball 2-1: Ball 3-1: Foul Ball, location: 2F 3-2: Ground out 3-1 (Groundball, 34S, EV 82.5 MPH)
|
Bottom of the 4th over - 0 runs, 1 hit, 0 errors, 1 left on base; Richmond 3 - Potomac 1 |
TOP OF THE 5TH |
Richmond Flying Squirrels batting - Pitching for Potomac Nationals : LHP Manny Ruiz
|
Batting: RHB Mike Buchanan
|
0-0: Ball 1-0: SOLO HOME RUN (Flyball, 7D, EV 97.5 MPH), Distance : 374 ft
|
Batting: RHB Josh Lippens
|
0-0: Ball 1-0: Foul Ball, location: 2F 1-1: Ball 2-1: Called Strike 2-2: Ball 3-2: Foul Ball, location: 2F 3-2: Ground out 4-3 (Groundball, 4, EV 89.4 MPH)
|
Batting: LHB Alexis Cantu
|
0-0: Called Strike 0-1: Fly out, F8 (Flyball, 8LM, EV 90.0 MPH)
|
Batting: RHB Adam Solesbee
|
0-0: Foul Ball, location: 2F 0-1: Ball 1-1: Ball 2-1: Foul Ball, location: 2F 2-2: Strikes out looking
|
Top of the 5th over - 1 run, 1 hit, 0 errors, 0 left on base; Richmond 4 - Potomac 1 |
BOTTOM OF THE 5TH |
Potomac Nationals batting - Pitching for Richmond Flying Squirrels : RHP Sanya Mikushevich
|
Batting: SHB Curtis DeLille
|
0-0: Ground out 6-3 (Groundball, 6, EV 83.8 MPH)
|
Batting: RHB Marcus Dawson
|
0-0: Called Strike 0-1: Ball 1-1: Called Strike 1-2: Strikes out swinging
|
Batting: RHB Bobby Bricker
|
0-0: Called Strike 0-1: DOUBLE (Flyball, 8RD, EV 90.0 MPH)
|
Batting: RHB Antonio Morado
|
0-0: Ground out 5-3 (Groundball, 5S, EV 90.6 MPH)
|
Bottom of the 5th over - 0 runs, 1 hit, 0 errors, 1 left on base; Richmond 4 - Potomac 1 |
TOP OF THE 6TH |
Richmond Flying Squirrels batting - Pitching for Potomac Nationals : LHP Manny Ruiz
|
Batting: RHB Jason Gregor
|
0-0: Called Strike 0-1: Ball 1-1: Ball 2-1: Ball 3-1: Foul Ball, location: 2F 3-2: Strikes out swinging
|
Pitching: RHP Tim Schultz
|
|
Batting: RHB Jonathan Reece
|
0-0: Swinging Strike 0-1: Called Strike 0-2: Strikes out swinging
|
Batting: RHB Dinand Brouwer
|
0-0: Ball 1-0: Swinging Strike 1-1: Foul Ball, location: 2F 1-2: Strikes out swinging
|
Top of the 6th over - 0 runs, 0 hits, 0 errors, 0 left on base; Richmond 4 - Potomac 1 |
BOTTOM OF THE 6TH |
Potomac Nationals batting - Pitching for Richmond Flying Squirrels : RHP Sanya Mikushevich
|
Batting: RHB John Savard
|
0-0: Ball 1-0: Ball 2-0: Called Strike 2-1: Swinging Strike 2-2: Strikes out swinging
|
Batting: RHB Gabe Almazan
|
0-0: Called Strike 0-1: Ball 1-1: Ground out 6-3 (Groundball, 6, EV 85.6 MPH)
|
Batting: LHB Kyung-jin Cho
|
0-0: Swinging Strike 0-1: Ball 1-1: Ball 2-1: Ball 3-1: Base on Balls
|
Batting: RHB Nick Moreno
|
0-0: Ball 1-0: Foul Ball, location: 2F 1-1: SINGLE (Line Drive, 78M, EV 109.4 MPH) Kyung-jin Cho to second
|
Batting: RHB Naofumi Ishida
|
0-0: Foul Ball, location: 2F 0-1: Ball 1-1: Ball 2-1: Foul Ball, location: 2F 2-2: Fielders Choice at 2nd, 5-4 (Groundball, 56, EV 102.5 MPH)
|
Bottom of the 6th over - 0 runs, 1 hit, 0 errors, 2 left on base; Richmond 4 - Potomac 1 |
TOP OF THE 7TH |
Richmond Flying Squirrels batting - Pitching for Potomac Nationals : RHP Tim Schultz
|
Batting: LHB Ryan Anderson
|
0-0: Ball 1-0: Ball 2-0: Ball 3-0: Called Strike 3-1: Called Strike 3-2: Base on Balls
|
Batting: RHB Mike Jones
|
0-0: Called Strike 0-1: Ball Ryan Anderson steals 2nd base 1-1: Foul Ball, location: 2F 1-2: Strikes out swinging
|
Batting: RHB Mike Buchanan
|
0-0: Intentional Walk
|
Batting: RHB Josh Lippens
|
0-0: Foul Ball, location: 2F 0-1: Called Strike 0-2: Grounds into double play, 5-4-3 (Groundball, 56S, EV 86.9 MPH)
|
Top of the 7th over - 0 runs, 0 hits, 0 errors, 1 left on base; Richmond 4 - Potomac 1 |
BOTTOM OF THE 7TH |
Potomac Nationals batting - Pitching for Richmond Flying Squirrels : RHP Sanya Mikushevich
|
Batting: SHB Curtis DeLille
|
0-0: Called Strike 0-1: Ball 1-1: Called Strike 1-2: Strikes out swinging
|
Batting: RHB Marcus Dawson
|
0-0: Swinging Strike 0-1: Swinging Strike 0-2: Ball 1-2: SOLO HOME RUN (Flyball, 89XD, EV 106.9 MPH), Distance : 414 ft
|
Batting: RHB Bobby Bricker
|
0-0: Fly out, F7 (Flyball, 7LD, EV 83.1 MPH)
|
Batting: RHB Antonio Morado
|
0-0: Foul Ball, location: 2F 0-1: SINGLE (Groundball, 4D, EV 103.8 MPH)
|
Pitching: RHP Filip Nebylitsin
|
|
Batting: RHB John Savard
|
0-0: Called Strike 0-1: Called Strike 0-2: Fielders Choice at 2nd, 6-4 (Groundball, 6, EV 84.4 MPH)
|
Bottom of the 7th over - 1 run, 2 hits, 0 errors, 1 left on base; Richmond 4 - Potomac 2 |
TOP OF THE 8TH |
Richmond Flying Squirrels batting - Pitching for Potomac Nationals : RHP Tim Schultz
|
Pitching: LHP Kevin Besser
|
|
Batting: LHB Alexis Cantu
|
0-0: Called Strike 0-1: Foul Ball, location: 2F 0-2: Ball 1-2: Ball 2-2: Strikes out looking
|
Pitching: RHP Steve Barnes
|
|
Batting: RHB Adam Solesbee
|
0-0: Ball 1-0: SINGLE (Line Drive, 8RS, EV 100.0 MPH)
|
Batting: RHB Jason Gregor
|
0-0: Called Strike 0-1: Grounds into double play, 4-6-3 (Groundball, 4, EV 99.4 MPH)
|
Top of the 8th over - 0 runs, 1 hit, 0 errors, 0 left on base; Richmond 4 - Potomac 2 |
BOTTOM OF THE 8TH |
Potomac Nationals batting - Pitching for Richmond Flying Squirrels : RHP Filip Nebylitsin
|
Batting: RHB Gabe Almazan
|
0-0: Foul Ball, location: 2F 0-1: Ground out 6-3 (Groundball, 6, EV 105.6 MPH)
|
Batting: LHB Kyung-jin Cho
|
0-0: Called Strike 0-1: Swinging Strike 0-2: Ball 1-2: Strikes out swinging
|
Batting: RHB Nick Moreno
|
0-0: Foul Ball, location: 2F 0-1: Ball 1-1: Ball 2-1: Called Strike 2-2: SINGLE (Groundball, 6MD, EV 94.4 MPH)
|
Batting: RHB Naofumi Ishida
|
0-0: Fly out, F9 (Flyball, 9, EV 88.1 MPH)
|
Bottom of the 8th over - 0 runs, 1 hit, 0 errors, 1 left on base; Richmond 4 - Potomac 2 |
TOP OF THE 9TH |
Richmond Flying Squirrels batting - Pitching for Potomac Nationals : RHP Steve Barnes
|
Batting: RHB Jonathan Reece
|
0-0: Ball 1-0: Ground out 5-3 (Groundball, 56S, EV 89.4 MPH)
|
Batting: RHB Dinand Brouwer
|
0-0: Foul Ball, location: 2F 0-1: Ball 1-1: Ball 2-1: Fly out, F7 (Flyball, 7, EV 84.4 MPH)
|
Batting: LHB Ryan Anderson
|
0-0: Ball 1-0: Ball 2-0: Ball 3-0: Base on Balls
|
Batting: RHB Mike Jones
|
0-0: Ball 1-0: DOUBLE (Line Drive, 3D, EV 105.0 MPH) Ryan Anderson to third Runner from 3rd tries for Home, throw by RF and OUT! 9-4-2
|
Top of the 9th over - 0 runs, 1 hit, 0 errors, 1 left on base; Richmond 4 - Potomac 2 |
BOTTOM OF THE 9TH |
Potomac Nationals batting - Pitching for Richmond Flying Squirrels : RHP Filip Nebylitsin
|
Pitching: RHP Damian Molina
|
|
Batting: SHB Curtis DeLille
|
0-0: Swinging Strike 0-1: Called Strike 0-2: Foul Ball, location: 2F 0-2: Hit by Pitch
|
Pinch Hitting: LHB Chance McWilliams
|
0-0: Called Strike 0-1: Grounds into double play, 4-6-3 (Groundball, 4, EV 88.1 MPH)
|
Pinch Hitting: LHB Elias Posada
|
0-0: Ball 1-0: Swinging Strike 1-1: Swinging Strike 1-2: Foul Ball, location: 2F 1-2: Foul Ball, location: 2F 1-2: Strikes out swinging, 2-3 out at first.
|
Bottom of the 9th over - 0 runs, 0 hits, 0 errors, 0 left on base; Richmond 4 - Potomac 2 |
|